 Dungeon Crawl Stone Soup version 0.31.0-4-g52a2dc7128 (webtiles) character file.

Game seed: 92823376418121934

2 shadowrider38 the Conjurer (level 1, -1/14 HPs)
             Began as an Armataur Conjurer on Jan 21, 2024.
             Slain by a ribbon worm (5 damage)
             ... on level 2 of the Dungeon.
             The game lasted 00:00:51 (63 turns).

shadowrider38 the Conjurer (Armataur Conjurer)        Turns: 63, Time: 00:00:52

Health: -1/14      AC:  4    Str: 12    XL:     1   Next: 25%
Magic:  2/3        EV:  9    Int: 18    God:
Gold:   18         SH:  0    Dex:  8    Spells: 2/3 levels left

rFire   . . .        (no weapon)
rCold   . . .        (no shield)
rNeg    . . .        a - +0 robe
rPois   .            (no helmet)
rElec   .            (no cloak)
rCorr   .            (no gloves)
SInv    .            (no barding)
Will    .....        (no amulet)
Stlth   ++           (no ring)
HPRegen 0.22/turn    (no ring)
MPRegen 0.41/turn

%: roll
@: no status effects
A: large, deformed body, tough skin 3, armoured tail, roll 1
a: no special abilities


You were on level 2 of the Dungeon.
You visited 1 branch of the dungeon, and saw 2 of its levels.

You collected 18 gold pieces.

Inventory:

Armour
 a - a +0 robe (worn)
Potions
 b - a potion of magic


   Skills:
 - Level 1.3 Dodging
 - Level 2.1 Stealth
 - Level 1.7 Spellcasting
 + Level 3.7 Conjurations


You had 2 spell levels left.
You knew the following spells:

 Your Spells              Type           Power      Damage    Failure   Level
a - Magic Dart            Conj           60%        1d6       4%          1

Your spell library contained the following spells:

 Spells                   Type           Power      Damage    Failure   Level
 Searing Ray              Conj           30%        2d5       6%          2
 Fulminant Prism          Conj/Alch      4%         3d5       65%         4
 Iskenderun's Mystic Bla  Conj/Tloc      8%         2d4       65%         4


Dungeon Overview and Level Annotations

Branches:
Dungeon (2/15) Zot: 11936

Altars:


Innate Abilities, Weirdness & Mutations

Armour fits poorly on your strangely shaped body.
You have extremely tough skin. (AC +3)
You have a long armoured tail.
You regenerate magic when rolling toward enemies. (Rampage MPRegen)


Message History

A kobold comes into view. It is wielding a +4 short sword.
The ribbon worm expels a string of sticky webbing.
The stream of webbing misses you.
A giant cockroach comes into view.
Unknown command.
You roll towards the ribbon worm!
The giant cockroach barely misses you.
Aiming: Magic Dart (safe; 4% risk of failure)
Press: ? - help, Q - select action, (/) - cycle Shift-Dir - straight line, f/p - ribbon worm
Aim: a ribbon worm (100% to hit)
The magic dart hits the ribbon worm but does no damage.
The giant cockroach barely misses you.
Unknown command.
Aiming: Magic Dart (safe; 4% risk of failure)
Press: ? - help, Q - select action, (/) - cycle Shift-Dir - straight line, f/p - ribbon worm
Aim: a ribbon worm (100% to hit)
The magic dart hits the ribbon worm.
The ribbon worm is lightly wounded.
The giant cockroach bites you but does no damage.
The ribbon worm bites you. The giant cockroach bites you.
The kobold attacks as it pursues you!
The kobold hits you with a +4 short sword.
The giant cockroach barely misses you. The giant cockroach closely misses you.
Aiming: Magic Dart (safe; 4% risk of failure)
Press: ? - help, Q - select action, (/) - cycle Shift-Dir - straight line, f/p - ribbon worm
Aim: a ribbon worm (100% to hit)
The magic dart hits the kobold.
You kill the kobold!
The giant cockroach bites you but does no damage.
Aiming: Magic Dart (safe; 4% risk of failure)
Press: ? - help, Q - select action, (/) - cycle Shift-Dir - straight line, f/p - ribbon worm
Aim: a ribbon worm (100% to hit)
Okay, then.
Aiming: Magic Dart (safe; 4% risk of failure)
Press: ? - help, Q - select action, (/) - cycle Shift-Dir - straight line, f/p - ribbon worm
Aim: a ribbon worm (100% to hit)
The magic dart hits the ribbon worm.
The ribbon worm is moderately wounded.
The giant cockroach bites you but does no damage.
The ribbon worm expels a string of sticky webbing.
The stream of webbing hits you but does no damage.
You are caught in a web!
You struggle to detach yourself from the web.
The giant cockroach completely misses you.
The ribbon worm bites you.
* * * LOW HITPOINT WARNING * * *
The web tears apart.
The giant cockroach bites you but does no damage.
The giant cockroach barely misses you. The ribbon worm bites you.
You die...

#.### ....# .. ### ##
....## .#.. ...
...##... ##.. ##
#...##.##...
...#####.#.##.#..#
#....$.......#.# ##
#..@....>...# ..##.
#..Bw.......##......
#...........<....#
#..........###...#
#..........##.......#
..#..##..#....###.
... ...........####
#.. .#.......... .
#.......<...


You could see a ribbon worm and a giant cockroach.

Vanquished Creatures
  A goblin (D:1)
  A kobold (D:2)
2 creatures vanquished.

Notes
Turn   | Place    | Note
-------+----------+-------------------------------------------
     0 | D:1      | shadowrider38 the Armataur Conjurer began the quest for the
                  | Orb.
     0 | D:1      | Reached XP level 1. HP: 14/14 MP: 3/3
    63 | D:2      | Slain by a ribbon worm

Illustrated notes

Levels and vault maps discovered:
D:1:      ldierk_walled_garden_2, layout_basic, serial_shops,
          nicolae_shop_rolled_up, shop_fountains
D:2:      layout_rooms, uniq_crazy_yiuf_cottage

Action                     || total
---------------------------++-------
   Cast: Magic Dart        ||     6
 Armour: Robe              ||     9
  Dodge: Dodged            ||     7
